[Event "Athens of East Open 2019"]
[Site "Madurai"]
[Date "2019.08.10"]
[Round "1.1"]
[White "Abdallah M Nisthar"]
[Black "Salim, Yoosuf"]
[Result "1-0"]
[ECO "A01"]
[WhiteElo "1699"]
[BlackElo "1361"]
[Annotator "NA"]
[PlyCount "106"]
[EventDate "2019.08.10"]
[EventType "swiss"]
[EventCountry "IND"]
[SourceTitle "playchess.com"]
[Source "ChessBase"]
[SourceQuality "1"]
[TimeControl "3600+30"]

1. b3 c5 2. Bb2 d5 3. Nf3 Nc6 4. e3 e6 5. Bb5 Bd7 6. O-O Nf6 7. Nc3 Bd6 8. Ne2 O-O 9. Ng3 a6 10. Bxc6 Bxc6 11. Ne5 Bb5 12. d3 Qc7 13. f4 c4 14. Bd4 Rac8 15. a4 cxb3 16. axb5 bxc2 17. Qc1 axb5 18. Qb2 Ra8 19. Rxa8 Rxa8 20. Rc1 Rc8 21. Nf3 b4 22. Ne1 Qa5 23. Rxc2 Rxc2 24. Nxc2 Qa4 25. Nf1 Qb5 26. Ne1 Qa4 27. Qa1 b5 28. Nd2 b3 29. Qb2 Bb4 30. Nef3 Bxd2 31. Nxd2 Qb4 32. Qc3 Qf8 33. Bxf6 gxf6 34. Nxb3 Qa3 35. Qc2 b4 36. h4 Kg7 37. Kf2 e5 38. g3 Qa4 39. Qb2 Qa3 40. Qxa3 bxa3 41. Nc1 Kg6 42. Kf3 Kf5 43. g4+ Ke6 44. f5+ Kd6 45. Ke2 Kc5 46. Kd2 Kb4 47. Kc2 e4 48. d4 Kc4 49. Na2 h6 50. h5 Kb5 51. Kb3 Kb6 52. Kxa3 Ka5 53. Nc3 Kb6 1-0

[Event "Athens of East Open 2019"]
[Site "Madurai"]
[Date "2019.08.10"]
[Round "1.2"]
[White "Karthikeyan G"]
[Black "Sankaranarayanan.K"]
[Result "0-1"]
[ECO "B00"]
[WhiteElo "1411"]
[BlackElo "1695"]
[Annotator "NA"]
[PlyCount "150"]
[EventDate "2019.08.10"]
[EventType "swiss"]
[EventCountry "IND"]
[SourceTitle "playchess.com"]
[Source "ChessBase"]
[SourceQuality "1"]
[TimeControl "3600+30"]

1. e4 g5 2. d4 Bg7 3. Bxg5 c5 4. Nd2 Bxd4 5. c3 Bg7 6. Bc4 Qb6 7. Qc2 Qg6 8. Ngf3 Nc6 9. Be3 b6 10. O-O Nh6 11. Rfe1 Ng4 12. Bf4 Rg8 13. Bg3 h5 14. Nh4 Qh7 15. f4 Bf6 16. Ndf3 d6 17. Bb5 Bd7 18. Rad1 a6 19. Bd3 Qh6 20. Qd2 b5 21. e5 Bxh4 22. Nxh4 d5 23. Nf5 Bxf5 24. Bxf5 e6 25. Bxg4 Rxg4 26. f5 Qg7 27. fxe6 fxe6 28. Qf2 Rc8 29. Rf1 Ne7 30. Qf6 Kd7 31. Qxg7 Rxg7 32. Rf2 Nf5 33. Bf4 Rcg8 34. Rdd2 h4 35. h3 Kc6 36. Kh2 a5 37. Rd3 c4 38. Rdd2 b4 39. a4 Ng3 40. Rf3 Ne4 41. Re2 Ng3 42. Rd2 Nf5 43. Re2 Kc5 44. Be3+ Nxe3 45. Rfxe3 bxc3 46. bxc3 Rb8 47. Rf3 Rb3 48. Rf6 Re7 49. Rc2 Ra3 50. Rh6 Rxa4 51. Rxh4 Ra1 52. Rh8 Re1 53. Rb2 Rc7 54. Rhb8 Rxe5 55. R8b6 Rc6 56. R6b5+ Kd6 57. Rxa5 Re3 58. Rc2 Rb6 59. Ra8 Rb3 60. h4 Rbxc3 61. Rf2 Rg3 62. Ra6+ Ke5 63. Re2+ Rce3 64. Rxe3+ Rxe3 65. Ra8 c3 66. Rc8 d4 67. Kg1 Kf4 68. Kf2 Kg4 69. Rh8 Re5 70. h5 c2 71. Rc8 d3 72. h6 d2 73. Rg8+ Kf4 74. Rf8+ Ke4 75. h7 Rh5 0-1

[Event "Athens of East Open 2019"]
[Site "Madurai"]
[Date "2019.08.10"]
[Round "1.3"]
[White "Abishek A"]
[Black "Siddik Akbar"]
[Result "1-0"]
[ECO "A48"]
[WhiteElo "1693"]
[BlackElo "1395"]
[Annotator "NA"]
[PlyCount "115"]
[EventDate "2019.08.10"]
[EventType "swiss"]
[EventCountry "IND"]
[SourceTitle "playchess.com"]
[Source "ChessBase"]
[SourceQuality "1"]
[TimeControl "3600+30"]

1. d4 Nf6 2. Nf3 g6 3. Bf4 Bg7 4. e3 O-O 5. Be2 d6 6. h3 c5 7. c3 Be6 8. Nbd2 Qb6 9. Qb1 Nc6 10. Nc4 Bxc4 11. Bxc4 Rac8 12. Bd3 Rfe8 13. dxc5 Qxc5 14. Nd2 e5 15. Bg5 d5 16. O-O e4 17. Be2 Nd7 18. Nb3 Qf8 19. Rd1 Nb6 20. a4 h6 21. Bf4 Rcd8 22. a5 Nc4 23. Bc7 Rc8 24. Bxc4 dxc4 25. Bd6 Ne7 26. Nc5 f5 27. Nxb7 a6 28. Qa2 Rc6 29. Nc5 Qf7 30. Qa4 Rec8 31. Bxe7 Qxe7 32. Nd7 Rd6 33. Rxd6 Qxd6 34. Rd1 Qc6 35. Qxc6 Rxc6 36. Rd5 Bf8 37. Nb8 Re6 38. Rd8 Kf7 39. Rd7+ Re7 40. Rxe7+ Bxe7 41. Nxa6 Bd8 42. Kf1 Bxa5 43. Ke2 Ke6 44. Kd2 Kd5 45. Kc2 g5 46. b3 cxb3+ 47. Kxb3 f4 48. Nb4+ Kc5 49. Nc2 h5 50. Nd4 Kd5 51. g4 hxg4 52. hxg4 fxe3 53. fxe3 Bc7 54. c4+ Ke5 55. Kb4 Kd6 56. Nb5+ Kc6 57. Nxc7 Kxc7 58. Kc5 1-0

[Event "Athens of East Open 2019"]
[Site "Madurai"]
[Date "2019.08.10"]
[Round "1.4"]
[White "Sanjay Srinivasan R"]
[Black "Afreed T Khan"]
[Result "1-0"]
[ECO "B06"]
[WhiteElo "1355"]
[BlackElo "1693"]
[Annotator "NA"]
[PlyCount "94"]
[EventDate "2019.08.10"]
[EventType "swiss"]
[EventCountry "IND"]
[SourceTitle "playchess.com"]
[Source "ChessBase"]
[SourceQuality "1"]
[TimeControl "3600+30"]

1. e4 g6 2. d4 Bg7 3. Nc3 d6 4. f4 a6 5. Nf3 b5 6. a3 Nd7 7. Bd3 c5 8. Be3 cxd4 9. Nxd4 Ngf6 10. Nb3 O-O 11. O-O Bb7 12. h3 Rc8 13. Qe1 Nc5 14. Nxc5 dxc5 15. Rd1 Qc7 16. e5 Nd7 17. Be4 Nb6 18. Nd5 Bxd5 19. Bxd5 Rfd8 20. Be4 Nc4 21. Bc1 Rxd1 22. Qxd1 Rd8 23. Qe2 f6 24. b3 Nb6 25. exf6 Bxf6 26. f5 Qe5 27. fxg6 hxg6 28. Qg4 g5 29. h4 Kg7 30. Bxg5 Bxg5 31. Rf5 Rd1+ 32. Qxd1 Be3+ 33. Kf1 Qxe4 34. Qh5 Qe6 35. Qg4+ Qg6 36. Qxg6+ Kxg6 37. Re5 Kf6 38. Rxe3 e5 39. Rg3 Nd7 40. h5 Nf8 41. h6 e4 42. Ke2 Nh7 43. Rg7 Nf8 44. Rg8 Nh7 45. g4 Ke5 46. g5 Kd4 47. Rg7 Nf8 1-0

[Event "Athens of East Open 2019"]
[Site "Madurai"]
[Date "2019.08.10"]
[Round "2.1"]
[White "M Tulasi Ram, Kumar"]
[Black "Abdallah M Nisthar"]
[Result "1/2-1/2"]
[ECO "B20"]
[WhiteElo "1495"]
[BlackElo "1699"]
[Annotator "NA"]
[PlyCount "70"]
[EventDate "2019.08.10"]
[EventType "swiss"]
[EventCountry "IND"]
[SourceTitle "playchess.com"]
[Source "ChessBase"]
[SourceQuality "1"]
[TimeControl "3600+30"]

1. e4 c5 2. Bc4 e6 3. Nf3 d5 4. exd5 exd5 5. Bb3 Nf6 6. O-O Be7 7. c3 O-O 8. d4 c4 9. Bc2 Bg4 10. Nbd2 Nc6 11. Re1 b5 12. Nf1 Bh5 13. Ne3 Bg6 14. Nf5 Ne4 15. Nxe7+ Nxe7 16. Ne5 Nd6 17. Nxg6 hxg6 18. a3 Qd7 19. Bf4 Nec8 20. Qf3 Nb6 21. Qg3 Nf5 22. Qg5 Rae8 23. Bxf5 Qxf5 24. Qxf5 gxf5 25. Bd6 Rxe1+ 26. Rxe1 Rd8 27. Bc7 Rd7 28. Bxb6 axb6 29. Re8+ Kh7 30. Rb8 Rd6 31. Kf1 Kg6 32. f4 Kf6 33. h4 Ke7 34. Rb7+ Kf6 35. Kf2 g6 1/2-1/2

[Event "Athens of East Open 2019"]
[Site "Madurai"]
[Date "2019.08.10"]
[Round "2.2"]
[White "Sankaranarayanan.K"]
[Black "Satheesh Kumar G"]
[Result "1-0"]
[ECO "D35"]
[WhiteElo "1695"]
[BlackElo "1437"]
[Annotator "NA"]
[PlyCount "121"]
[EventDate "2019.08.10"]
[EventType "swiss"]
[EventCountry "IND"]
[SourceTitle "playchess.com"]
[Source "ChessBase"]
[SourceQuality "1"]
[TimeControl "3600+30"]

1. d4 d5 2. c4 e6 3. Nc3 Nf6 4. e3 Be7 5. Nf3 O-O 6. Be2 b6 7. O-O Bb7 8. Bd2 c5 9. cxd5 cxd4 10. exd4 Nxd5 11. Rc1 Nd7 12. Re1 N7f6 13. Bd3 Nb4 14. Bb1 Bxf3 15. Qxf3 Qxd4 16. Be3 Qg4 17. Qb7 Bd6 18. h3 Qh5 19. Ne4 Qd5 20. Qxd5 Nfxd5 21. Nxd6 Rfd8 22. Nb5 a6 23. Nc7 Rac8 24. Nxd5 Nxd5 25. Rxc8 Rxc8 26. Rc1 Rd8 27. Rd1 Rc8 28. Kf1 f5 29. Ke2 Kf7 30. h4 b5 31. g3 Rc4 32. Rd4 Rc7 33. Bd2 Rd7 34. f4 h6 35. a4 g5 36. axb5 axb5 37. Bd3 Nxf4+ 38. Rxf4 gxf4 39. Bxf4 h5 40. Ke3 Rd5 41. Be2 Kg6 42. Bf3 Rc5 43. Bd6 Rc8 44. Kd4 Rc2 45. b4 Rc1 46. Be2 Kf6 47. Be5+ Kg6 48. Bxb5 Re1 49. Be8+ Kh6 50. Bf4+ Kg7 51. b5 Kf6 52. Bg5+ Kg7 53. Bxh5 e5+ 54. Kd5 Rb1 55. Be8 e4 56. h5 Rb3 57. h6+ Kh7 58. Ke5 Rxg3 59. Kxf5 e3 60. Bg6+ Kg8 61. h7+ 1-0

[Event "Athens of East Open 2019"]
[Site "Madurai"]
[Date "2019.08.10"]
[Round "2.3"]
[White "Soumya, Ranjan Das"]
[Black "Abishek A"]
[Result "1/2-1/2"]
[ECO "B50"]
[WhiteElo "1740"]
[BlackElo "1693"]
[Annotator "NA"]
[PlyCount "73"]
[EventDate "2019.08.10"]
[EventType "swiss"]
[EventCountry "IND"]
[SourceTitle "playchess.com"]
[Source "ChessBase"]
[SourceQuality "1"]
[TimeControl "3600+30"]

1. e4 c5 2. Nf3 d6 3. g3 Nc6 4. Bg2 e5 5. d3 Be7 6. O-O Nf6 7. Nbd2 O-O 8. Re1 b5 9. Nf1 b4 10. Bg5 a5 11. c3 a4 12. a3 b3 13. Ne3 g6 14. h4 Ng4 15. Nxg4 Bxg4 16. Bh6 Re8 17. Qd2 Bf8 18. Bxf8 Rxf8 19. Qh6 Bxf3 20. Bxf3 Qf6 21. Kg2 Qg7 22. Qe3 Ne7 23. h5 g5 24. h6 Qf6 25. Rh1 Kh8 26. Rh5 Rg8 27. Bg4 Rad8 28. c4 Nc6 29. Bf5 Nd4 30. g4 Nc2 31. Qc1 Qe7 32. Rb1 Nd4 33. Qd2 Ne6 34. Bxe6 Qxe6 35. f3 f6 36. Rc1 Ra8 37. Qe3 1/2-1/2

[Event "Athens of East Open 2019"]
[Site "Madurai"]
[Date "2019.08.10"]
[Round "2.4"]
[White "Tiwari Shivansh"]
[Black "Binu Sebastian"]
[Result "1-0"]
[ECO "A83"]
[WhiteElo "1593"]
[BlackElo "1435"]
[Annotator "NA"]
[PlyCount "125"]
[EventDate "2019.08.10"]
[EventType "swiss"]
[EventCountry "IND"]
[SourceTitle "playchess.com"]
[Source "ChessBase"]
[SourceQuality "1"]
[TimeControl "3600+30"]

1. d4 f5 2. e4 fxe4 3. Nc3 Nf6 4. Bg5 g6 5. Bxf6 exf6 6. Nxe4 d5 7. Nc3 Bh6 8. Bd3 O-O 9. Nge2 c6 10. O-O f5 11. f4 Bg7 12. Na4 Nd7 13. b4 Nf6 14. c3 b6 15. Qd2 Ne4 16. Qc2 Kh8 17. Kh1 Re8 18. Ng1 Bd7 19. Nf3 c5 20. Bxe4 dxe4 21. Ne5 Bxe5 22. dxe5 cxb4 23. cxb4 Rc8 24. Qb3 Be6 25. Qb2 Qd7 26. Nc3 Rc4 27. Rfd1 Qe7 28. a3 Rec8 29. Rac1 Qc7 30. Ne2 Rd8 31. Rxd8+ Qxd8 32. Rxc4 Bxc4 33. Qd4 Qxd4 34. Nxd4 Kg8 35. Kg1 Kf8 36. Kf2 Ke8 37. Ke3 Kd7 38. g4 Be6 39. gxf5 gxf5 40. b5 h6 41. h3 h5 42. h4 Ke7 43. Nc6+ Ke8 44. Nxa7 Bd7 45. Nc6 Bxc6 46. bxc6 Ke7 47. Kd4 Ke6 48. a4 Ke7 49. Kc4 Ke6 50. Kb5 e3 51. Kxb6 e2 52. c7 e1=Q 53. c8=Q+ Ke7 54. Qc7+ Ke8 55. a5 Qb4+ 56. Ka7 Qxf4 57. a6 Qxh4 58. e6 Qd4+ 59. Kb8 Qb4+ 60. Kc8 Qe7 61. Qd7+ Kf8 62. Qd8+ Qe8 63. Qxe8+ 1-0

[Event "Athens of East Open 2019"]
[Site "Madurai"]
[Date "2019.08.10"]
[Round "2.5"]
[White "Emmanuel Thomas"]
[Black "Balakrishna B V V"]
[Result "1/2-1/2"]
[ECO "C50"]
[WhiteElo "1435"]
[BlackElo "1676"]
[Annotator "NA"]
[PlyCount "84"]
[EventDate "2019.08.10"]
[EventType "swiss"]
[EventCountry "IND"]
[SourceTitle "playchess.com"]
[Source "ChessBase"]
[SourceQuality "1"]
[TimeControl "3600+30"]

1. e4 e5 2. Nf3 Nc6 3. Bc4 Bc5 4. d3 Nf6 5. Bg5 d6 6. h3 Be6 7. Bb5 O-O 8. O-O Nd4 9. Nxd4 Bxd4 10. c3 Bb6 11. Nd2 d5 12. exd5 Bxd5 13. c4 Be6 14. Ne4 Bf5 15. Bxf6 gxf6 16. Qf3 Bxe4 17. Qxe4 c6 18. Ba4 Qd4 19. Qf5 Qh4 20. Bc2 Rad8 21. Kh1 Rd4 22. g3 Qg5 23. Qf3 Kg7 24. Rae1 Rfd8 25. Re2 h5 26. b4 R8d7 27. a3 Qg6 28. c5 Bd8 29. Rfe1 Be7 30. Re4 a5 31. Rxd4 Rxd4 32. Re4 Rxe4 33. dxe4 Qg5 34. Qd1 h4 35. g4 Qf4 36. Kg2 axb4 37. axb4 b6 38. cxb6 Bxb4 39. b7 Bc5 40. b8=Q Qxf2+ 41. Kh1 Qg3 42. Qf1 Bf2 1/2-1/2

[Event "Athens of East Open 2019"]
[Site "Madurai"]
[Date "2019.08.10"]
[Round "3.1"]
[White "Chourasiya Hemant"]
[Black "Sankaranarayanan.K"]
[Result "1-0"]
[ECO "C00"]
[WhiteElo "1556"]
[BlackElo "1695"]
[Annotator "NA"]
[PlyCount "69"]
[EventDate "2019.08.10"]
[EventType "swiss"]
[EventCountry "IND"]
[SourceTitle "playchess.com"]
[Source "ChessBase"]
[SourceQuality "1"]
[TimeControl "3600+30"]

1. e4 e6 2. f4 d5 3. e5 c5 4. Nf3 Nc6 5. Bb5 Qb6 6. Nc3 Nge7 7. a4 a6 8. a5 Qc7 9. Ba4 Bd7 10. d3 h6 11. Be3 d4 12. Ne4 Nd5 13. Bd2 Be7 14. O-O f6 15. c4 dxc3 16. bxc3 f5 17. Nf2 O-O 18. Bb3 Qd8 19. Bxd5 exd5 20. Qb3 Bc8 21. c4 d4 22. Nd1 Rb8 23. Nb2 Be6 24. Qc2 g5 25. Qd1 Kh7 26. fxg5 f4 27. h4 Bg4 28. Qe2 hxg5 29. Nxg5+ Bxg5 30. Qxg4 Bxh4 31. Bxf4 Qe7 32. Rf3 Rxf4 33. Rxf4 Bg5 34. Qh5+ Kg7 35. Rg4 1-0

[Event "Athens of East Open 2019"]
[Site "Madurai"]
[Date "2019.08.10"]
[Round "3.2"]
[White "Nithish Muthukumaran"]
[Black "Tiwari Shivansh"]
[Result "0-1"]
[ECO "B15"]
[WhiteElo "1515"]
[BlackElo "1593"]
[Annotator "NA"]
[PlyCount "158"]
[EventDate "2019.08.10"]
[EventType "swiss"]
[EventCountry "IND"]
[SourceTitle "playchess.com"]
[Source "ChessBase"]
[SourceQuality "1"]
[TimeControl "3600+30"]

1. e4 c6 2. d4 d5 3. Nc3 g6 4. f4 Bg7 5. e5 h5 6. Nf3 Nh6 7. Nh4 e6 8. g3 b6 9. Bd3 Nf5 10. Bxf5 gxf5 11. Be3 Ba6 12. a4 Nd7 13. b4 Bc4 14. Nf3 Bf8 15. Rb1 a5 16. bxa5 bxa5 17. Nd2 Ba6 18. Nb3 Bb4 19. Bd2 Bc4 20. Ne2 Be7 21. Bc3 h4 22. Kf2 Qc7 23. Qd2 Bd8 24. Qe3 Be7 25. Qd2 Bd8 26. Qe3 Qa7 27. Nd2 Bxe2 28. Kxe2 Nb6 29. Ra1 Be7 30. h3 hxg3 31. Qxg3 Kd7 32. Rhg1 Rh7 33. Rh1 Rah8 34. Nf3 Qa6+ 35. Kd2 Nc4+ 36. Kc1 c5 37. Nd2 Nxd2 38. Kxd2 cxd4 39. Bxd4 Qc4 40. Qe3 Rxh3 41. Rxh3 Rxh3 42. Qxh3 Qxd4+ 43. Qd3 Qxf4+ 44. Kd1 Bb4 45. c3 Qxe5 46. Rb1 Qxc3 47. Qb5+ Ke7 48. Qe2 f4 49. Rc1 Qd4+ 50. Kc2 Qe4+ 51. Qxe4 dxe4 52. Kd1 f5 53. Ke2 Kf6 54. Rc6 f3+ 55. Ke3 Ke5 56. Rc2 Kd5 57. Rb2 e5 58. Rc2 f4+ 59. Kf2 Bc5+ 60. Ke1 e3 61. Rc1 Bb4+ 62. Kf1 e2+ 63. Kf2 e1=Q+ 64. Rxe1 Bxe1+ 65. Kxe1 Kc4 66. Kf2 e4 67. Ke1 e3 68. Kf1 Kd3 69. Ke1 f2+ 70. Kf1 e2+ 71. Kxf2 Kd2 72. Kf3 e1=Q 73. Kxf4 Kd3 74. Kf5 Kd4 75. Kf6 Kd5 76. Kg6 Ke6 77. Kg5 Qg3+ 78. Kh5 Kf6 79. Kh6 Qh3# 0-1

[Event "Athens of East Open 2019"]
[Site "Madurai"]
[Date "2019.08.10"]
[Round "3.3"]
[White "Sanil S"]
[Black "Sinha, Abhay Kumar"]
[Result "1-0"]
[ECO "C00"]
[WhiteElo "1462"]
[BlackElo "1665"]
[Annotator "NA"]
[PlyCount "63"]
[EventDate "2019.08.10"]
[EventType "swiss"]
[EventCountry "IND"]
[SourceTitle "playchess.com"]
[Source "ChessBase"]
[SourceQuality "1"]
[TimeControl "3600+30"]

1. e4 e6 2. d4 b6 3. Nc3 Bb7 4. a3 Nf6 5. Bd3 c5 6. Be3 c4 7. Bxc4 Nxe4 8. Nxe4 Bxe4 9. f3 Bb7 10. Qd2 d5 11. Bd3 Ba6 12. Ne2 Bxd3 13. Qxd3 Be7 14. O-O O-O 15. f4 g6 16. Rf3 Nd7 17. Ng3 Bf6 18. Raf1 Rc8 19. c3 a5 20. f5 e5 21. Qd2 e4 22. R3f2 Rc6 23. Bh6 Bg7 24. Bxg7 Kxg7 25. fxg6 hxg6 26. Qf4 Qe7 27. Qg4 Qe6 28. Nf5+ Kg8 29. Qg5 Rc7 30. Nh6+ Kg7 31. Rxf7+ Rxf7 32. Rxf7+ 1-0

[Event "Athens of East Open 2019"]
[Site "Madurai"]
[Date "2019.08.10"]
[Round "3.4"]
[White "John, Christopher"]
[Black "Sushrutha, Reddy"]
[Result "0-1"]
[ECO "C10"]
[WhiteElo "1460"]
[BlackElo "1651"]
[Annotator "NA"]
[PlyCount "72"]
[EventDate "2019.08.10"]
[EventType "swiss"]
[EventCountry "IND"]
[SourceTitle "playchess.com"]
[Source "ChessBase"]
[SourceQuality "1"]
[TimeControl "3600+30"]

1. e4 e6 2. d4 d5 3. Nc3 dxe4 4. Nxe4 Nd7 5. Nf3 Ngf6 6. Bd3 Nxe4 7. Bxe4 Nf6 8. Bg5 Be7 9. Bd3 O-O 10. c3 b6 11. Qc2 h6 12. h4 Bb7 13. O-O-O a5 14. Kb1 a4 15. Ne5 a3 16. b3 Nd5 17. Bd2 Ba6 18. Be4 f5 19. Bf3 Rc8 20. Nc6 Qd7 21. Nxe7+ Qxe7 22. Rhe1 Qxh4 23. Rxe6 Qd8 24. c4 Nf6 25. Bc3 Ne4 26. Bxe4 fxe4 27. Qxe4 Rf6 28. d5 Rxe6 29. Qxe6+ Kh7 30. Qf5+ Kg8 31. Re1 Qf8 32. Qg6 Qf7 33. Qg3 Rf8 34. Re3 Qf5+ 35. Ka1 Rf7 36. Rf3 Qc2 0-1

[Event "Athens of East Open 2019"]
[Site "Madurai"]
[Date "2019.08.11"]
[Round "4.1"]
[White "Tiwari Shivansh"]
[Black "Viswak Sen M"]
[Result "0-1"]
[ECO "D35"]
[WhiteElo "1593"]
[BlackElo "1485"]
[Annotator "NA"]
[PlyCount "82"]
[EventDate "2019.08.10"]
[EventType "swiss"]
[EventCountry "IND"]
[SourceTitle "playchess.com"]
[Source "ChessBase"]
[SourceQuality "1"]
[TimeControl "3600+30"]

1. d4 d5 2. c4 e6 3. Nc3 Nf6 4. cxd5 exd5 5. Bg5 Be7 6. e3 c6 7. Bd3 Nbd7 8. Nge2 Nf8 9. O-O Ne6 10. Bxf6 Bxf6 11. b4 O-O 12. Qc2 g6 13. a4 Ng7 14. b5 Bf5 15. bxc6 bxc6 16. Rfc1 Rc8 17. Nf4 Qd6 18. Bxf5 Nxf5 19. Nd3 c5 20. dxc5 Qd7 21. Rab1 d4 22. Ne4 Bg7 23. exd4 Nxd4 24. Qd1 Rc6 25. Nd6 Rxd6 26. cxd6 Qxd6 27. Nc5 Qf4 28. g3 Qf5 29. Nb3 Nf3+ 30. Kg2 Ng5 31. Rc5 Qe4+ 32. f3 Nxf3 33. Kh3 Be5 34. Rxe5 Nxe5 35. Qe1 Qf5+ 36. Kg2 Qc2+ 37. Kh3 Nf3 38. Qh1 Ng5+ 39. Kh4 Qe2 40. Kxg5 Qe5+ 41. Kg4 Qf5+ 0-1

[Event "Athens of East Open 2019"]
[Site "Madurai"]
[Date "2019.08.11"]
[Round "4.2"]
[White "Sushrutha, Reddy"]
[Black "Phani Kanuri"]
[Result "1/2-1/2"]
[ECO "B12"]
[WhiteElo "1651"]
[BlackElo "1471"]
[Annotator "NA"]
[PlyCount "73"]
[EventDate "2019.08.10"]
[EventType "swiss"]
[EventCountry "IND"]
[SourceTitle "playchess.com"]
[Source "ChessBase"]
[SourceQuality "1"]
[TimeControl "3600+30"]

1. e4 c6 2. d4 d5 3. e5 Bf5 4. g4 Be4 5. f3 Bg6 6. h4 h5 7. Bd3 Bxd3 8. Qxd3 e6 9. g5 g6 10. Nd2 Ne7 11. Nf1 Nd7 12. Ng3 c5 13. c3 Nc6 14. a3 Qb6 15. N1e2 Rc8 16. b4 cxd4 17. cxd4 Bxb4+ 18. axb4 Nxb4 19. Qb1 Nc2+ 20. Kf1 Nxa1 21. Qxa1 O-O 22. Kg2 Rc4 23. Ba3 Rfc8 24. Rc1 Qb3 25. Rxc4 Rxc4 26. Bd6 a6 27. Qa5 Rc8 28. Qd2 Kg7 29. Be7 Rc2 30. Qa5 Qb6 31. Bf6+ Kg8 32. Qa3 Qb2 33. Qd3 Nb6 34. Kf2 Nc4 35. Be7 Rd2 36. Bf6 Rc2 37. Nf1 1/2-1/2

[Event "Athens of East Open 2019"]
[Site "Madurai"]
[Date "2019.08.11"]
[Round "4.3"]
[White "Tejaswini G"]
[Black "Venkatakrishnan, R.V."]
[Result "0-1"]
[ECO "A40"]
[WhiteElo "1451"]
[BlackElo "1702"]
[Annotator "NA"]
[PlyCount "104"]
[EventDate "2019.08.10"]
[EventType "swiss"]
[EventCountry "IND"]
[SourceTitle "playchess.com"]
[Source "ChessBase"]
[SourceQuality "1"]
[TimeControl "3600+30"]

1. d4 e6 2. Bf4 d5 3. e3 c5 4. c3 Qb6 5. b3 Nc6 6. Nf3 Nf6 7. Nbd2 Bd7 8. a3 cxd4 9. exd4 Rc8 10. b4 a6 11. Qb3 Be7 12. h3 O-O 13. Bd3 Ra8 14. a4 h6 15. O-O Qd8 16. Qd1 Nh7 17. Nb3 Ng5 18. Re1 Nxf3+ 19. Qxf3 b6 20. Qg3 Bh4 21. Qf3 Bg5 22. Bd6 Be7 23. Bg3 Bh4 24. Bd6 Re8 25. Qf4 Qf6 26. Qxf6 Bxf6 27. b5 axb5 28. Bxb5 Rec8 29. f4 g6 30. Rec1 Be8 31. Kh2 Na5 32. Nxa5 Rxa5 33. Bxe8 Rxe8 34. Rcb1 Ra6 35. Bc7 Bd8 36. Bd6 b5 37. axb5 Rxd6 38. Ra6 Rb6 39. Kg1 Bc7 40. Ra7 Bxf4 41. Kf2 Reb8 42. Ra5 e5 43. Ke2 Kf8 44. Kd3 e4+ 45. Ke2 Bc7 46. Ra7 R6b7 47. Rxb7 Rxb7 48. Rb4 Ba5 49. Rb3 Ke7 50. Ke3 Kd6 51. Kd2 Kc7 52. Kc2 Kb6 0-1

[Event "Athens of East Open 2019"]
[Site "Madurai"]
[Date "2019.08.11"]
[Round "4.4"]
[White "Kalbande Mayur"]
[Black "Chourasiya Hemant"]
[Result "1/2-1/2"]
[ECO "B01"]
[WhiteElo "1614"]
[BlackElo "1556"]
[Annotator "NA"]
[PlyCount "91"]
[EventDate "2019.08.10"]
[EventType "swiss"]
[EventCountry "IND"]
[SourceTitle "playchess.com"]
[Source "ChessBase"]
[SourceQuality "1"]
[TimeControl "3600+30"]

1. e4 d5 2. exd5 Qxd5 3. Nc3 Qe5+ 4. Be2 Bg4 5. d4 Qe6 6. Be3 Bxe2 7. Ngxe2 Nf6 8. O-O Na6 9. a3 Qd7 10. b4 c6 11. Qd3 e6 12. f4 Bd6 13. Ng3 g6 14. Nce4 Nxe4 15. Nxe4 Be7 16. Nd2 b5 17. c4 Nc7 18. cxb5 cxb5 19. Nf3 f6 20. Nd2 Nd5 21. Nb3 O-O 22. Nc5 Bxc5 23. dxc5 Rad8 24. Rad1 Qc6 25. Qe4 Ne7 26. Qxc6 Nxc6 27. Rd6 Rxd6 28. cxd6 Rd8 29. Rd1 Rd7 30. Kf2 e5 31. fxe5 fxe5 32. Rd5 a6 33. Bb6 Kf7 34. Bc7 Ke6 35. Rc5 Nd8 36. Ke3 Nf7 37. Ke4 Ng5+ 38. Ke3 Nf7 39. Ke4 Ng5+ 40. Ke3 Nf7 41. Rc6 Nxd6 42. Bb8 Kd5 43. Rxa6 Nc4+ 44. Ke2 Ke4 45. Kf1 Rd2 46. Bc7 1/2-1/2

[Event "Athens of East Open 2019"]
[Site "Madurai"]
[Date "2019.08.11"]
[Round "4.5"]
[White "Raghunandan Rohit"]
[Black "Sanil S"]
[Result "0-1"]
[ECO "D08"]
[WhiteElo "1610"]
[BlackElo "1462"]
[Annotator "NA RC"]
[PlyCount "25"]
[EventDate "2019.08.10"]
[EventType "swiss"]
[EventCountry "IND"]
[SourceTitle "playchess.com"]
[Source "ChessBase"]
[SourceQuality "1"]
[TimeControl "3600+30"]

1. d4 d5 2. c4 e5 3. e3 dxc4 4. Bxc4 exd4 5. exd4 Nf6 6. Nf3 Bb4+ 7. Nc3 O-O 8. O-O Bg4 9. a3 Ba5 10. Bg5 h6 11. Bh4 Nc6 12. d5 Ne5 13. Ba2 0-1

[Event "Athens of East Open 2019"]
[Site "Madurai"]
[Date "2019.08.11"]
[Round "5.1"]
[White "Venkatakrishnan, R.V."]
[Black "Phani Kanuri"]
[Result "0-1"]
[ECO "A45"]
[WhiteElo "1702"]
[BlackElo "1471"]
[Annotator "NA"]
[PlyCount "86"]
[EventDate "2019.08.10"]
[EventType "swiss"]
[EventCountry "IND"]
[SourceTitle "playchess.com"]
[Source "ChessBase"]
[SourceQuality "1"]
[TimeControl "3600+30"]

1. d4 Nf6 2. Bf4 g6 3. e3 Bg7 4. Nf3 d6 5. c3 O-O 6. Bc4 a6 7. a4 c6 8. Nbd2 Nbd7 9. e4 Qc7 10. h3 e5 11. dxe5 dxe5 12. Be3 b6 13. Ng5 Ne8 14. O-O h6 15. Nxf7 Rxf7 16. Bxf7+ Kxf7 17. f4 Kg8 18. fxe5 Nxe5 19. Qb3+ Kh7 20. Bxb6 Qe7 21. Bd4 Be6 22. Qb6 Qd7 23. Bxe5 Bxe5 24. Nf3 Bc7 25. Qf2 Rb8 26. Nd4 Qd6 27. g4 Bc4 28. Rfd1 Bb6 29. a5 Bc5 30. b4 Ba7 31. Kg2 Qc7 32. Qg3 Qc8 33. Qe5 Rb7 34. Rab1 Rf7 35. Qg3 Bb8 36. e5 Nf6 37. Qe1 Bd5+ 38. Kg1 Nxg4 39. c4 Bxc4 40. hxg4 Qxg4+ 41. Kh2 Qh5+ 42. Kg1 Bxe5 43. Qd2 Bd5 0-1

[Event "Athens of East Open 2019"]
[Site "Madurai"]
[Date "2019.08.11"]
[Round "5.2"]
[White "Karuppasamy C"]
[Black "Ragesh Sarma.M"]
[Result "0-1"]
[ECO "A01"]
[WhiteElo "1394"]
[BlackElo "1583"]
[Annotator "NA"]
[PlyCount "96"]
[EventDate "2019.08.10"]
[EventType "swiss"]
[EventCountry "IND"]
[SourceTitle "playchess.com"]
[Source "ChessBase"]
[SourceQuality "1"]
[TimeControl "3600+30"]

1. b3 d5 2. Bb2 Bf5 3. e3 e6 4. Nf3 Nf6 5. a3 Be7 6. h3 Nbd7 7. g3 h6 8. Bg2 c6 9. d3 Qc7 10. Nbd2 e5 11. Qe2 Be6 12. c4 O-O 13. O-O Rfd8 14. Rac1 Rac8 15. Rfd1 Qb8 16. Nf1 Bd6 17. N3d2 Re8 18. e4 d4 19. Rc2 b5 20. g4 bxc4 21. bxc4 c5 22. Ng3 Nf8 23. Nf5 Ng6 24. Bc1 Nf4 25. Qf3 Nh7 26. h4 Be7 27. Nxe7+ Rxe7 28. Nf1 Nf6 29. Nh2 Ng6 30. Qg3 Rb7 31. h5 Nf4 32. Bxf4 exf4 33. Qf3 Qe5 34. Bh3 Rcb8 35. Rdd2 Rb3 36. Qe2 Rxa3 37. Ra2 Rxa2 38. Rxa2 Qc7 39. Ra3 Nxh5 40. gxh5 Bxh3 41. Qa2 Rb7 42. Nf3 Qd7 43. Ne1 Qg4+ 44. Kh2 Qxh5 45. f3 Bg4+ 46. Kg2 Qh3+ 47. Kf2 Qh2+ 48. Ng2 Bh3 0-1

[Event "Athens of East Open 2019"]
[Site "Madurai"]
[Date "2019.08.11"]
[Round "5.3"]
[White "Adithya Ramesh"]
[Black "Emmanuel Thomas"]
[Result "1-0"]
[ECO "B90"]
[WhiteElo "1579"]
[BlackElo "1435"]
[Annotator "NA"]
[PlyCount "55"]
[EventDate "2019.08.10"]
[EventType "swiss"]
[EventCountry "IND"]
[SourceTitle "playchess.com"]
[Source "ChessBase"]
[SourceQuality "1"]
[TimeControl "3600+30"]

1. e4 c5 2. Nf3 d6 3. d4 cxd4 4. Nxd4 Nf6 5. Nc3 a6 6. Be3 e6 7. f3 Nc6 8. Qd2 Be7 9. O-O-O O-O 10. g4 Nxd4 11. Bxd4 e5 12. Be3 Be6 13. h4 Rc8 14. h5 b5 15. g5 Nd7 16. g6 fxg6 17. hxg6 hxg6 18. Bh3 Bxh3 19. Qd5+ Rf7 20. Rxh3 Nf6 21. Rdh1 Kf8 22. Rh8+ Ng8 23. Qe6 Qc7 24. Qxg6 Rf6 25. Qh7 Kf7 26. Rg1 b4 27. Rxg7+ Ke8 28. Rhxg8+ 1-0